Map: [ESL] Gresvan

Players

GunGFuBanDa

  • Race: Protoss Protoss
  • Spawn Location: 5:00

Clem - Winner!

  • Race: Terran Terran
  • Spawn Location: 11:00

Event: ESL SC2 Masters 2023 Summer (Regionals)

VOD

Have the link to the VOD?

Description

Time

  • Played on: May 12, 2023, 9:13 a.m.
  • Length: 5:33

All games in this series

Show
View Real Time Build Order
Export as new Build Order

GunGFuBanDa Protoss 

Build Orders: 1 Gate Expand, Dark Templar Rush 

Get SALT Encoding   

  12  0:00  Probe  
  13  0:12  Probe  
  14  0:19  Pylon  
  14  0:24  Probe (Chrono Boost)  
  15  0:38  Probe (Chrono Boost)  
  15  0:39  Gateway  
  16  0:45  Probe (Chrono Boost)  
  16  0:47  Assimilator  
  17  0:52  Probe  
  18  1:04  Probe  
  19  1:16  Probe  
  20  1:26  Cybernetics Core  
  20  1:34  Nexus  
  20  1:36  Probe  
  21  1:44  Pylon  
  21  1:50  Probe  
  22  2:00  Adept (Chrono Boost)  
  22  2:03  Warp Gate  
  22  2:04  Probe  
  22  2:07  Shield Battery  
  24  2:16  Probe  
  24  2:17  Assimilator  
  24  2:21  Adept (Chrono Boost)  
  25  2:28  Probe  
  27  2:40  Probe  
  28  2:44  Stalker  
  30  2:55  Probe (Chrono Boost)  
  30  2:57  Probe (Chrono Boost)  
  32  3:03  Twilight Council  
  33  3:08  Probe (Chrono Boost)  
  33  3:09  Probe (Chrono Boost)  
  32  3:14  Probe (Chrono Boost)  
  32  3:16  Probe (Chrono Boost)  
  34  3:26  Probe (Chrono Boost)  
  36  3:27  Probe (Chrono Boost)  
  36  3:31  Probe (Chrono Boost)  
  37  3:35  Probe, Gateway  
  36  3:43  Probe, Shield Battery  
  36  3:47  Dark Shrine, Probe  
  38  3:52  Adept  
  38  3:55  Probe, Assimilator  
  41  4:00  Probe, Pylon  
  42  4:07  Probe  
  43  4:12  Probe  
  44  4:19  Gateway  
  44  4:24  Pylon  
  44  4:31  Probe  
  44  4:32  Probe  
  44  4:35  Stalker x2  
  50  5:05  Dark Templar  
  50  5:06  Dark Templar  
  51  5:21  Probe  
  48  5:29  Stalker  
Show
View Real Time Build Order
Export as new Build Order

Clem Terran - Winner!

Build Orders: Reaper Expand 

Get SALT Encoding   

  12  0:00  SCV  
  13  0:12  SCV  
  14  0:17  Supply Depot  
  14  0:24  SCV  
  15  0:38  SCV  
  15  0:39  Barracks  
  16  0:43  Refinery  
  16  0:50  SCV  
  17  1:02  SCV  
  18  1:15  SCV  
  19  1:26  Reaper  
  19  1:27  Orbital Command  
  20  1:40  Command Center  
  20  1:54  SCV  
  21  1:58  Marine  
  21  1:59  Supply Depot  
  22  2:06  SCV  
  23  2:09  Factory  
  23  2:16  Bunker  
  23  2:20  Marine  
  23  2:22  SCV  
  25  2:29  Refinery  
  25  2:34  SCV  
  26  2:39  Barracks Reactor  
  26  2:46  SCV  
  27  2:54  Orbital Command  
  27  2:57  Hellion  
  29  3:00  SCV  
  30  3:06  Starport  
  30  3:12  SCV  
  30  3:16  Marine x2  
  30  3:19  Widow Mine  
  34  3:20  SCV  
  34  3:24  SCV  
  34  3:25  Supply Depot  
  36  3:33  SCV  
  36  3:34  Marine  
  36  3:35  Marine  
  36  3:36  SCV  
  36  3:40  Widow Mine  
  41  3:44  Medivac  
  41  3:45  SCV  
  41  3:48  SCV, Supply Depot  
  44  3:53  Barracks  
  45  3:57  SCV  
  45  4:00  SCV  
  45  4:02  Factory Tech Lab  
  47  4:04  Marine x2  
  47  4:06  Refinery  
  47  4:09  SCV  
  50  4:11  Supply Depot  
  50  4:13  SCV  
  50  4:15  Starport Tech Lab  
  51  4:21  SCV  
  51  4:22  Siege Tank  
  55  4:26  SCV, Marine x2  
  58  4:32  Engineering Bay  
  58  4:34  Raven  
  58  4:36  SCV  
  61  4:40  SCV  
  61  4:44  Marine  
  61  4:45  Marine, Supply Depot  
  64  4:48  SCV  
  64  4:49  Marine  
  66  4:53  SCV  
  66  4:55  Barracks  
  67  5:00  SCV  
  67  5:04  Marine x2  
  67  5:05  SCV  
  69  5:11  Factory Reactor  
  69  5:12  SCV  
  70  5:17  SCV, Supply Depot  
  72  5:25  Refinery  
  72  5:28  Starport Reactor  
  72  5:31  Supply Depot  
Tags
 
Add a new tag
Caveats
  • Supply blocks, unpowered buildings, or Contaminate may cause inaccurate times.
  • Supply counts are checked every 10 seconds.